 Dungeon Crawl Stone Soup version 0.28.0-53-g5a82cb258f (webtiles) character file.

Game seed: 14427518548863835465

153 Gabide the Skirmisher (level 5, -6/43 HPs)
             Began as a Mummy Berserker on June 19, 2022.
             Was a Believer of Trog.
             Mangled by an iron imp (8 damage)
             ... summoned by Eustachio
             ... on level 3 of the Dungeon.
             The game lasted 00:03:09 (3415 turns).

Gabide the Skirmisher (Mummy Berserker)             Turns: 3415, Time: 00:03:09

Health: -6/43      AC:  5    Str: 22    XL:     5   Next: 12%
Magic:  5/5        EV: 11    Int:  6    God:    Trog [**....]
Gold:   1278       SH:  0    Dex: 12    Spells: 4/4 levels left

rFire   x . .      SeeInvis .     - Unarmed
rCold   + . .      Faith    .   (no shield)
rNeg    + + +      Spirit   .   e - +0 ring mail
rPois   ∞          Reflect  .   (no helmet)
rElec   .          Harm     .   (no cloak)
rCorr   .          Rampage  .   (no gloves)
Will    .....                   (no boots)
Stlth   +.........              (no amulet)
HPRegen 0.14/turn               (no ring)
MPRegen 0.09/turn               (no ring)

@: no status effects
A: cold resistance 1, negative energy resistance 3, torment resistance 2, heat
vulnerability 1, no potions
a: Renounce Religion, Trog's Hand


You were on level 3 of the Dungeon.
You worshipped Trog.
Trog was pleased with you.
You visited 1 branch of the dungeon, and saw 4 of its levels.

You collected 1278 gold pieces.

Inventory:

Armour
 e - a +0 ring mail (worn)
Jewellery
 c - a ring of flight
 f - a ring of magical power
Scrolls
 a - 2 scrolls of fear
 b - a scroll of noise
 g - a scroll of summoning {unknown}


   Skills:
 + Level 4.6 Fighting
 - Level 1.5 Armour
 - Level 1.5 Dodging
 + Level 3.8 Unarmed Combat


You had 4 spell levels left.
You didn't know any spells.
Your spell library was empty.

Dungeon Overview and Level Annotations

Branches:
Dungeon (4/15)
 Temple: D:4-7

Altars:
Makhleb
Okawaru
Ru
Wu Jian
Xom
Zin

Shops:
D:1 (

Annotations:
D:3 Eustachio


Innate Abilities, Weirdness & Mutations

You are immune to poison.
Your flesh is cold resistant. (rC+)
You are immune to negative energy. (rN+++)
You are immune to unholy pain and torment.
You are vulnerable to heat. (rF-)
You do not drink.


Message History

Eustachio is heavily wounded.
The river rat barely misses you.
Eustachio says, "My allies will avenge me."
Eustachio mumbles some strange words.
You hit Eustachio.
Eustachio is severely wounded.
Eustachio barely misses you. The river rat closely misses you.
You hit Eustachio.
Eustachio is severely wounded.
Eustachio mumbles some strange words.
Eustachio blinks!
The river rat bites you.
You hit the rat.
The rat is heavily wounded.
The river rat bites you. The rat closely misses you.
You closely miss the rat.
The rat is heavily wounded.
The river rat barely misses you. The rat barely misses you.
You hit the rat.
You kill the rat!
The rat's corpse disappears in a puff of smoke!
The river rat bites you.
You hit the iron imp but do no damage. The river rat closely misses you.
The iron imp closely misses you.
You closely miss the river rat. The river rat misses you.
You hit the river rat.
The river rat is severely wounded.
Eustachio gestures wildly while chanting.
The iron imp hits you but does no damage.
The river rat bites you.
* * * LOW HITPOINT WARNING * * *
You hit the river rat but do no damage.
The river rat is severely wounded.
The iron imp hits you.
* * * LOW HITPOINT WARNING * * *
You closely miss the river rat.
The river rat is severely wounded.
The river rat bites you.
* * * LOW HITPOINT WARNING * * *
The iron imp hits you!
You die...

#.# #.###.# #....#5.###.........
..# #.# #.# #.#.>.§......####..#
#.# #.# #.# #.####..###..# #...
#.# #.# #.# #.# #..# #..# #..#
#)# #.# #.# #.# #..###..# #..#
#.###.###.# #.# #..#....####..#
..........# #.# #.............#
#####.########@####............##
#.# #...b5@r.......#######
#.#####.##.#######.###
#.......##.# #.# ###.######.# #.#
#####.#.......# #.#
#...!........## #.#
#.####.#####.# #.# ##.# #.# #.#
#.# ...# #.# #.# #.#


You could see Eustachio, an iron imp (summoned), a river rat (summoned) and a
bat (summoned).

Vanquished Creatures
  A centaur skeleton (D:4)
  2 gnolls
  4 adders
  A worm (D:3)
  5 dart slugs
  An orc (D:3)
  6 ball pythons
  3 bats
  4 endoplasms
  2 giant cockroaches (D:3)
  10 goblins
  6 hobgoblins
  2 jackals (D:3)
  3 kobolds (D:1)
  2 quokkas
  4 frilled lizards
  3 rats
59 creatures vanquished.

Notes
Turn   | Place    | Note
-------+----------+-------------------------------------------
     0 | D:1      | Gabide the Mummy Berserker began the quest for the Orb.
     0 | D:1      | Reached XP level 1. HP: 18/18 MP: 1/1
   155 | D:1      | Found Xitz's Weapon Emporium.
   238 | D:1      | Reached XP level 2. HP: 6/24 MP: 2/2
   836 | D:2      | Found a faded altar of an unknown god.
  1195 | D:2      | Reached XP level 3. HP: 28/29 MP: 3/3
  1328 | D:2      | Found a sacrificial altar of Ru.
  1773 | D:2      | Identified a scroll of acquirement
  1774 | D:2      | Acquired 1162 gold pieces
  1815 | D:2      | Reached skill level 4 in Fighting
  2115 | D:3      | Reached XP level 4. HP: 32/37 MP: 4/4
  2348 | D:3      | Found an iron altar of Okawaru.
  2523 | D:3      | Reached ** piety under Trog
  2763 | D:3      | Found a burning altar of Makhleb.
  2766 | D:3      | Found a shimmering altar of Xom.
  2766 | D:3      | Found an ornate altar of the Wu Jian Council.
  2766 | D:3      | Found a burning altar of Makhleb.
  3331 | D:4      | Reached XP level 5. HP: 36/43 MP: 5/5
  3347 | D:4      | Noticed Eustachio
  3415 | D:3      | HP: 2/43 [river rat[Eustachio] (4)]
  3415 | D:3      | Mangled by an iron imp

Illustrated notes

Levels and vault maps discovered:
D:1:      denvon_arrival_planthouse, layout_basic, serial_shops, shop
D:2:      layout_basic, hellmonk_ecumenical_altar_blasted, basic_altar
D:3:      layout_loops_ring, doesnt_xom_only_xom, lemuel_doored_altar
D:4:      layout_rooms, led_sif_pool, mainiacjoe_overflow_large_starburst,
          gammafunk_ghost_smash, kennysheep_nondescript,
          minmay_misc_feat_nine_boxes, chequers_serial_rivers_small_3,
          uniq_menkaure, uniq_eustachio

Skill      XL: |  1  2  3 |
---------------+----------+-----
Unarmed Combat | 3 |  3.8
Fighting       | 4 |  4.6
Armour         | |  1.5
Dodging        | |  1.5

Action                   |  1- 3 |  4- 6 || total
-------------------------+-------+-------++-------
Melee: Unarmed           |   128 |   133 ||   261
       Punch             |     1 |     6 ||     7
  Use: Scroll            |     4 |       ||     4
Armor: Animal skin       |    11 |       ||    11
       Ring mail         |    22 |    61 ||    83
Dodge: Dodged            |    66 |   109 ||   175
